 Seeded DCSS version 0.30-a0-457-g4b7bca3bfa (webtiles) character file.

Game seed: 9653979536821995196 (custom seed)

8230 purpskrrrp the Covert (level 10, -12/86 HPs)
             Began as a Demigod Brigand on Dec 13, 2022.
             Shot with an arrow by a centaur warrior (18 damage)
             ... on level 8 of the Dungeon.
             The game lasted 00:15:34 (8559 turns).

purpskrrrp the Covert (Demigod Brigand)             Turns: 8559, Time: 00:15:35

Health: -12/86     AC:  7    Str: 14    XL:     10   Next: 80%
Magic:  13/13      EV: 21    Int: 15    God:
Gold:   665        SH:  5    Dex: 36    Spells: 9/9 levels left

rFire   + . .      SeeInvis +    L - +12 rapier of the Shimmering Tiger {chaos, Will+ Str+2}
rCold   + . .      Faith    .    (no shield)
rNeg    . . .      Spirit   .    o - +1 robe {rC+}
rPois   +          Reflect  +    (no helmet)
rElec   +          Harm     +    c - +0 cloak
rCorr   .          Rampage  .    (no gloves)
Will    ++...                    s - +2 pair of boots "Pubaohu" {Harm rElec rPois rF+}
Stlth   +++++.....               J - amulet "Wiroywk" {Reflect Drain rElec rPois Int+2 SH+5}
HPRegen 0.34/turn                n - ring "Geuquuf" {Fly rElec Dex+3 SInv}
MPRegen 0.13/turn                D - +6 ring of dexterity

@: flying, invisible
A: high MP 1, forlorn, divine attributes
a: no special abilities


You were on level 8 of the Dungeon.
You visited 2 branches of the dungeon, and saw 9 of its levels.

You collected 1273 gold pieces.
You spent 608 gold pieces at shops.

Inventory:

Hand Weapons
 a - a +3 dagger
 E - the +10 falchion "Tupaib" {elec, rPois rF- rCorr Str+3}
   (You took it off an orc on level 7 of the Dungeon)

   It occasionally discharges a powerful burst of electricity upon striking a
   foe.
   Str:       It affects your strength (+3).
   rF:        It makes you vulnerable to fire.
   rPois:     It protects you from poison.
   rCorr:     It protects you from acid and corrosion.
 F - a +2 whip of pain
 L - the +12 rapier of the Shimmering Tiger (weapon) {chaos, Will+ Str+2}
   (You took it off a kobold brigand on level 7 of the Dungeon)

   Each time it hits an enemy it has a different, random effect.
   Str:       It affects your strength (+2).
   Will:      It increases your willpower.
Missiles
 d - 27 poisoned darts
 e - 14 curare-tipped darts
 x - 3 throwing nets
Armour
 b - a +0 robe
 c - a +0 cloak (worn)
 o - a +1 robe of cold resistance (worn)
 s - the +2 pair of boots "Pubaohu" (worn) {Harm rElec rPois rF+}
   (You acquired it on level 2 of the Dungeon)

   rF:        It protects you from fire.
   rElec:     It insulates you from electricity.
   rPois:     It protects you from poison.
   Harm:      It increases damage dealt and taken.
 y - a +0 helmet
 N - a +1 hat
Jewellery
 n - the ring "Geuquuf" (left hand) {Fly rElec Dex+3 SInv}
   (You acquired it on level 1 of the Dungeon)

   [ring of see invisible]

   Dex:       It affects your dexterity (+3).
   rElec:     It insulates you from electricity.
   SInv:      It lets you see invisible.
   Fly:       It grants you flight.
 p - a +4 ring of evasion
 D - a +6 ring of dexterity (right hand)
 H - an amulet of regeneration
 J - the amulet "Wiroywk" (around neck) {Reflect Drain rElec rPois Int+2 SH+5}
   (You bought it in a shop on level 7 of the Dungeon)

   [amulet of reflection]

   It reflects blocked missile attacks.
   Int:       It affects your intelligence (+2).
   rElec:     It insulates you from electricity.
   rPois:     It protects you from poison.
   Drain:     It drains your maximum health when unequipped.
   SH:        It affects your SH (+5).
Wands
 u - a wand of iceblast (12)
 M - a wand of charming (5)
Scrolls
 f - 3 scrolls of teleportation
 g - 2 scrolls of noise
 h - a scroll of identify
 j - a scroll of enchant weapon
 l - a scroll of immolation
 v - a scroll of magic mapping
 w - 3 scrolls of amnesia
 B - 2 scrolls of vulnerability
Potions
 i - 3 potions of curing {unknown}
 k - a potion of might {unknown}
 m - a potion of magic {unknown}
 r - 2 potions of degeneration
 t - 2 potions of lignification {unknown}
 z - a potion of resistance {unknown}
 A - a potion of cancellation {unknown}
 C - 2 potions of flight {unknown}
 G - a potion of haste {unknown}
 I - 2 potions of attraction {unknown}


   Skills:
 + Level 7.5 Fighting
 * Level 8.7(8.8) Short Blades
 - Level 1.4(5.6) Long Blades
 - Level 4.1 Throwing
 + Level 7.3 Dodging
 + Level 8.8 Stealth


You had 9 spell levels left.
You didn't know any spells.
Your spell library contained the following spells:

 Spells                   Type           Power      Damage    Failure   Level
 Call Canine Familiar     Summ           0%         N/A       63%         3
 Inner Flame              Hex/Fire       0%         N/A       63%         3
 Kindle Blastsparks       Fire/Tloc/Air  0%         2d10      63%         3
 Ozocubu's Armour         Ice            0%         N/A       63%         3
 Portal Projectile        Hex/Tloc       0%         N/A       63%         3
 Tukima's Dance           Hex            0%         N/A       63%         3
 Anguish                  Hex/Necr       0%         N/A       95%         4
 Flame Wave               Conj/Fire      0%         2d4       95%         4
 Passage of Golubria      Tloc           0%         N/A       95%         4
 Sticky Flame             Conj/Fire      0%         2d3       95%         4
 Blade Hands              Tmut           0%         N/A       100%        5
 Metabolic Englaciation   Hex/Ice        0%         N/A       100%        5
 Yara's Violent Unravell  Hex/Tmut       0%         3d3       100%        5
 Simulacrum               Ice/Necr       0%         N/A       100%        6
 Enfeeble                 Hex            0%         N/A       100%        7
 Ignition                 Fire           0%         3d3       100%        8


Dungeon Overview and Level Annotations

Branches:
Dungeon (8/15)             Temple (1/1) D:6            Lair (0/5) D:8

Shops:
D:3 *   D:6 [   D:7 =

Annotations:
D:5 2 runed translucent doors, Sabo's ghost, novice DgAE
D:8 2 runed translucent doors


Innate Abilities, Weirdness & Mutations

You have an increased reservoir of magic. (+10% MP)
You shall have no god before yourself.
Your divine heritage dramatically boosts your attributes as you level up.


Message History

The centaur warrior kicks you but does no damage.
You are too injured to fight recklessly!
You are too injured to fight recklessly!
You are too injured to fight recklessly!
You are too injured to fight recklessly!
You are too injured to fight recklessly!
You are too injured to fight recklessly!
You are too injured to fight recklessly!
You are too injured to fight recklessly!
You are too injured to fight recklessly!
You are too injured to fight recklessly!
You impale the centaur warrior!!
The centaur warrior is heavily wounded.
The centaur warrior hits you with the +4 great sword of Lavyalas {vorpal, rElec rC- SInv}!
The centaur warrior completely misses you.
You puncture the centaur warrior!
The centaur warrior flickers and vanishes for a moment.
The centaur warrior is severely wounded.
The centaur warrior completely misses you.
The centaur warrior kicks you but does no damage.
You barely miss the centaur warrior.
The centaur warrior is severely wounded.
The centaur warrior hits you with the +4 great sword of Lavyalas {vorpal, rElec rC- SInv}!
* * * LOW HITPOINT WARNING * * *
x2 The centaur warrior misses you.
Okay, then.
Blink to where?
Press: ? - help, Dir - move target
As you read the scroll of blinking, it crumbles to dust.
The centaur warrior unwields the +4 great sword of Lavyalas {vorpal, rElec rC- SInv}.
The centaur warrior wields a +0 longbow.
The centaur warrior shoots an arrow.
You reflect the arrow off an invisible shield around you!
The arrow barely misses the centaur warrior.
You fade into invisibility!
The centaur warrior shoots an arrow.
You reflect the arrow off an invisible shield around you!
The arrow barely misses the centaur warrior.
The centaur warrior shoots an arrow.
The arrow hits you!
You die...

# #.#.##.##########.# #
##...##.# ##......## #
#...###.# #.#######. ###
#...###.####.....##. ..#
#..###...#######.#.. #.#
#..##.....####..##.# #.#
##.##...#...##.###..# #.#
#..#...###...##.##.## #.#
#.##@.## ##..##.#..## #.#
##.#.#.#######.#.#.## #.#
#######..#.##.........##.# #
#.#
#.).....##.##########.#..# #
#.# #.####..#.#.# ##..#.##.##
# #.####)#
##.##.#.###.+!.+.#..# #
##.....#
#[.#.###.##.#..###.## #
##.....###.##c#=#.##.#####..#
# .#......#..#.##.##.# ##.##
#


You could see a centaur warrior (invisible, unable to see you).

Vanquished Creatures
  A hydra (D:8)
  2 centaur warriors (D:8)
  A tengu warrior (D:8)
  A two-headed ogre (D:8)
  An unseen horror (D:8)
  A shadow (D:8)
  A wraith (D:8)
  A wyvern (D:7)
  4 yaks (D:8)
  A steam dragon (D:8)
  3 water moccasins
  Duvessa (D:7)
  3 orc warriors
  3 black bears
  3 ice beasts
  A sky beast (D:6)
  3 centaurs
  2 ogres
  6 kobold brigands
  A necrophage (D:5)
  3 bullfrogs
  2 scorpions (D:5)
  3 wights (D:8)
  Dowan (D:7)
  7 howler monkeys
  5 hounds
  4 orc priests
  2 gnoll boudas
  A jelly (D:4)
  2 iguanas (D:4)
  Ijyb (D:3)
  3 orc wizards
  13 gnolls
  8 adders
  A shadow imp (D:5)
  A white imp (D:7)
  2 dart slugs
  26 orcs
  10 ball pythons
  8 endoplasms
  8 giant cockroaches
  14 goblins
  5 hobgoblins
  6 jackals
  5 quokkas
  10 bats
  3 frilled lizards
  22 kobolds
  3 rats (D:3)
219 creatures vanquished.

Vanquished Creatures (others)
  7 fungi (D:5)
7 creatures vanquished.

Grand Total: 226 creatures vanquished

Notes
Turn   | Place    | Note
-------+----------+-------------------------------------------
     0 | D:1      | purpskrrrp the Demigod Brigand began the quest for the Orb.
     0 | D:1      | Reached XP level 1. HP: 17/17 MP: 3/3
   156 | D:1      | Reached skill level 1 in Dodging
   208 | D:1      | Reached XP level 2. HP: 24/24 MP: 4/4
   731 | D:1      | Identified a scroll of acquirement
   731 | D:1      | Acquired the ring "Geuquuf" {Fly rElec Dex+3 SInv}
   811 | D:2      | Reached XP level 3. HP: 26/29 MP: 5/5
  1332 | D:2      | Identified the +10 trident "Isut Mok" {vorpal, Str+4
                  | Stlth+}
  1460 | D:2      | Acquired the +2 pair of boots "Pubaohu" {Harm rElec rPois
                  | rF+}
  1479 | D:3      | Noticed Ijyb
  1530 | D:3      | Killed Ijyb
  1531 | D:3      | Reached XP level 4. HP: 24/37 MP: 6/6
  1875 | D:3      | Reached XP level 5. HP: 16/42 MP: 7/7
  1986 | D:3      | Found Gepsocir's Assorted Antiques.
  2725 | D:4      | Reached XP level 6. HP: 46/51 MP: 8/8
  3038 | D:4      | Reached skill level 5 in Stealth
  3698 | D:5      | Entered Level 5 of the Dungeon
  3753 | D:5      | Reached XP level 7. HP: 42/57 MP: 9/9
  3838 | D:5      | Found a large runed translucent door.
  3838 | D:5      | Found a large runed translucent door.
  3856 | D:5      | Noticed Sabo's ghost (novice DgAE)
  4313 | D:5      | Reached XP level 8. HP: 67/67 MP: 10/10
  5061 | D:6      | Found Xoniss's Antique Armour Emporium.
  5101 | D:6      | Found a staircase to the Ecumenical Temple.
  5211 | D:6      | Acquired 839 gold pieces
  5247 | D:6      | Reached skill level 5 in Fighting
  5247 | D:6      | Reached skill level 5 in Short Blades
  5623 | Temple   | Entered the Ecumenical Temple
  5931 | D:7      | Reached skill level 5 in Dodging
  6036 | D:7      | Found a large runed translucent door.
  6036 | D:7      | Found a large runed translucent door.
  6345 | D:7      | Reached XP level 9. HP: 74/74 MP: 11/11
  6385 | D:7      | Noticed Duvessa
  6385 | D:7      | Noticed Dowan
  6417 | D:7      | Killed Duvessa
  6432 | D:7      | Killed Dowan
  6504 | D:7      | Identified the +10 falchion "Tupaib" {elec, rPois rF- rCorr
                  | Str+3}
  6563 | D:7      | Found Nawa's Jewellery Boutique.
  6569 | D:7      | Bought the amulet "Wiroywk" {Reflect Drain rElec rPois
                  | Int+2 SH+5} for 608 gold pieces
  6928 | D:7      | Identified the +12 rapier of the Shimmering Tiger {chaos,
                  | Will+ Str+2}
  6949 | D:7      | Reached skill level 1 in Long Blades
  7189 | D:8      | Found a staircase to the Lair.
  7227 | D:8      | Noticed a tengu warrior
  7242 | D:8      | Killed a tengu warrior
  7310 | D:8      | Noticed a two-headed ogre
  7321 | D:8      | Killed a two-headed ogre
  7322 | D:8      | Reached XP level 10. HP: 25/84 MP: 13/13
  7354 | D:8      | Noticed an eight-headed hydra
  7441 | D:8      | Noticed a centaur warrior
  7451 | D:8      | Killed a centaur warrior
  7719 | D:8      | Found a runed translucent door.
  7720 | D:8      | Found a runed translucent door.
  7919 | D:8      | Got the Almanac of the Gathered Arsonist
  8125 | D:8      | Killed an eight-headed hydra
  8388 | D:8      | Noticed a centaur warrior
  8432 | D:8      | Noticed an angel
  8452 | D:8      | Killed a centaur warrior
  8538 | D:8      | Identified the +4 great sword of Lavyalas {vorpal, rElec
                  | rC- SInv}
  8538 | D:8      | Noticed a centaur warrior
  8555 | D:8      | HP: 4/86 [centaur warrior/the +4 great sword of Lavyalas
                  | {vorpal, rElec rC- SInv} (7)]
  8559 | D:8      | Shot with an arrow by a centaur warrior

Illustrated notes

Levels and vault maps discovered:
D:1:      lemuel_arrival_lava_pool, layout_basic
D:2:      cheibrodos_old_hovel, layout_loops_ring
D:3:      kennysheep_the_goblin_king, layout_loops_ring, xom_redecorated,
          nicolae_qazlal_general_emergency, serial_shops, shop,
          kennysheep_flooded_box
D:4:      layout_loops_ring, kennysheep_orc_sif_temple,
          hangedman_decor_peaks_small, hex_medium, minmay_strange_pillars,
          st_stairs_7, hangedman_decor_lopped
D:5:      layout_loops_ring, mainiacjoe_overflow_chevrons,
          mainiacjoe_overflow_boulevard, ebering_ghost_disaster_area
D:6:      layout_gridville, minmay_temple_entry_ruins, serial_shops,
          nicolae_shop_behind_doors, minmay_small_thing
D:7:      due_chaos_kobolds, layout_loops_corners,
          chequers_temple_overflow_statue_of_worship, serial_shops, shop,
          uniq_duvessa
D:8:      minmay_the_grid_triangle_9x9_rhombus_thin
          [minmay_the_grid_triangle_9x9_tough_junction,
          minmay_the_grid_triangle_9x9_prize_top_heavy,
          minmay_the_grid_triangle_9x9_impossible_snake,
          minmay_the_grid_triangle_9x9_sprig], layout_basic, elyvilon_altar_5,
          zin_angel
Temple:   chequers_temple_sunken

Skill      XL: |  1  2  3  4  5  6  7  8  9 10 |
---------------+-------------------------------+-----
Dodging        | 1 2 3 4 5 6 7 |  7.3
Fighting       | 2 3 4 5 6 7 |  7.5
Short Blades   | 2 3 4 5 7 8 |  8.7
Throwing       | 2 3 4 |  4.1
Stealth        | 4 5 6 8 |  8.8
Long Blades    | 1 |  1.4

Action                   |  1- 3 |  4- 6 |  7- 9 | 10-12 || total
-------------------------+-------+-------+-------+-------++-------
Melee: Dagger            |   163 |   263 |   383 |       ||   809
       Punch             |     1 |     2 |     5 |       ||     8
       Rapier            |       |       |    55 |    71 ||   126
       Falchion          |       |       |    19 |       ||    19
Throw: Dart              |     2 |       |       |       ||     2
  Use: Scroll            |     2 |    12 |     2 |     1 ||    17
       Potion            |       |     2 |     3 |     2 ||     7
 Stab: Sleeping          |     7 |    10 |    12 |     3 ||    32
       Distracted        |       |       |     1 |       ||     1
Armor: Robe              |    33 |    80 |    75 |    10 ||   198
Dodge: Dodged            |   101 |   286 |   381 |    56 ||   824
Block: Other             |       |       |    27 |    22 ||    49
       Reflection        |       |       |       |     5 ||     5

Table legend: (Time is in decaauts)
 A = Elapsed time spent in this place.
 B = Non-inter-level travel time spent in this place.
 C = Inter-level travel time spent in this place.
 D = Time resting spent in this place.
 E = Time spent auto-exploring this place.
 F = Levels seen in this place.
 G = Mean time per level.
                   A        B        C        D        E       F      G
               +--------+--------+--------+--------+--------+-----+--------+
         Total |   8394 |   8013 |    381 |   1060 |   5269 |   9 |  932.7 |
       Dungeon |   8163 |   7791 |    372 |   1060 |   5095 |   8 | 1020.4 |
        Temple |    230 |    221 |      9 |      0 |    174 |   1 |  230.0 |
               +--------+--------+--------+--------+--------+-----+--------+

Top non-repeatable levels by time:
     D:8: 1490 daAuts
     D:4: 1317 daAuts
     D:7: 1126 daAuts
     D:6: 970 daAuts
     D:5: 934 daAuts
     D:3: 871 daAuts
     D:1: 747 daAuts
     D:2: 705 daAuts
  Temple: 230 daAuts
